 Dungeon Crawl Stone Soup version 0.26.1-11-gd32895ea62 (webtiles) character file.

Game seed: 14757915587202328273

3520 Almogavar the Covert (level 9, -23/42 HPs)
             Began as a Spriggan Conjurer on July 27, 2021.
             Was an Initiate of Nemelex Xobeh.
             Annihilated by a boulder beetle (45 damage)
             ... on level 8 of the Dungeon.
             The game lasted 00:27:03 (11031 turns).

Almogavar the Covert (Spriggan Conjurer)           Turns: 11031, Time: 00:27:03

Health: -23/42     AC:  5    Str:  3    XL:     9   Next: 81%
Magic:  0/23       EV: 20    Int: 23    God:    Nemelex Xobeh [......]
Gold:   642        SH:  0    Dex: 14    Spells: 19/26 levels left

rFire    + . .     SeeInvis +   E - +3 dagger (holy)
rCold    + . .     Faith    .   (shield restricted)
rNeg     . . .     Spirit   +   J - +0 steam dragon scales
rPois    .         Reflect  .   (helmet restricted)
rElec    .         Harm     .   m - scarf {rC+ rF+}
rCorr    .         Rampage  .   (gloves unavailable)
Will     +....                  (boots unavailable)
Stlth    ++++......             g - amulet of guardian spirit
HPRegen  0.14/turn              (no ring)
MPRegen  0.18/turn              (no ring)

@: very quick
A: very small, unfitting armour, see invisible, speed 3
a: Renounce Religion, Draw Escape, Draw Destruction, Draw Summoning


You were on level 8 of the Dungeon.
You worshipped Nemelex Xobeh.
Nemelex Xobeh was noncommittal.
You visited 2 branches of the dungeon, and saw 9 of its levels.

You collected 642 gold pieces.

Inventory:

Hand Weapons
 a - the +5 dagger "Death Rattle" {flame, rElec Will+++ Int+3 Dex-5, unknown}
   (You found it on level 8 of the Dungeon)

   It has been specially enchanted to burn those struck by it, causing extra
   injury to most foes and up to half again as much damage against particularly
   susceptible opponents.
   It affects your intelligence (+3).
   It affects your dexterity (-5).
   It insulates you from electricity.
   It affects your willpower, your defense against some magical effects.
 i - a +0 vampiric short sword
 u - a +2 dagger of flaming
 E - a +3 dagger of holy wrath (weapon)
Armour
 e - a +0 cloak
 m - a scarf of resistance (worn)
 J - +0 steam dragon scales (worn)
Jewellery
 g - an amulet of guardian spirit (around neck)
Wands
 c - a wand of polymorph (19)
 s - a wand of digging (7)
 x - a wand of flame (17)
 C - a wand of iceblast (7)
 F - a wand of disintegration (10)
Scrolls
 b - 5 scrolls of teleportation
 d - 3 scrolls of fog
 h - 6 scrolls of remove curse
 k - 4 scrolls of amnesia
 o - 3 scrolls of magic mapping {unknown}
 p - 4 scrolls of enchant armour {unknown}
 q - a scroll of immolation {unknown}
 r - 3 scrolls of noise {unknown}
 t - 3 scrolls of fear {unknown}
 w - 2 scrolls of enchant weapon {unknown}
 y - a scroll of blinking {unknown}
 D - a scroll of acquirement {unknown}
 G - a scroll of random uselessness {unknown}
Potions
 f - a potion of haste
 j - 2 potions of lignification
 l - 3 potions of heal wounds
 n - a potion of brilliance
 v - 2 potions of curing {unknown}
 z - 2 potions of flight {unknown}
 A - a potion of mutation {unknown}
 B - a potion of cancellation {unknown}
 H - 2 potions of ambrosia {unknown}
 I - a potion of invisibility {unknown}


   Skills:
 + Level 2.0 Fighting
 + Level 3.3 Short Blades
 + Level 4.9 Dodging
 + Level 9.9 Stealth
 + Level 9.2 Spellcasting
 + Level 6.4 Conjurations
 * Level 7.2 Translocations


You had 19 spell levels left.
You knew the following spells:

 Your Spells              Type           Power        Failure   Level
a - Magic Dart            Conj           100%         1%          1
b - Searing Ray           Conj           80%          1%          2
c - Iskenderun's Mystic   Conj/Tloc      41%          3%          4

Your spell library contained the following spells:

 Spells                   Type           Power        Failure   Level
 Apportation              Tloc           86%          1%          1
 Dazzling Flash           Conj/Hex       50%          4%          3
 Stone Arrow              Conj/Erth      50%          4%          3
 Animate Skeleton         Necr           20%          6%          1
 Corona                   Hex            11%          6%          1
 Sandblast                Erth           20%          6%          1
 Summon Small Mammal      Summ           40%          6%          1
 Passwall                 Tmut/Erth      8%           10%         2
 Fulminant Prism          Conj/Hex       12%          16%         4
 Petrify                  Tmut/Erth      10%          52%         4
 Lee's Rapid Deconstruct  Erth           5%           86%         5


Dungeon Overview and Level Annotations

Branches:
Dungeon (8/15)             Temple (1/1) D:6
   Lair: D:8-11

Altars:
Cheibriados
Fedhas
Hepliaklqana
Kikubaaqudgha
Makhleb
Nemelex Xobeh
Ru
Sif Muna
Uskayaw
Vehumet
Wu Jian
Xom
Yredelemnul

Annotations:
D:5 2 transporters, ymhsbmbesitwf's ghost, novice BaBe
D:7 Gastronok


Innate Abilities, Weirdness & Mutations

You are very small and have problems with some larger weapons.
You are too small for most types of armour.
You have supernaturally acute eyesight. (SInv)
You cover ground extremely quickly.


Message History

The boulder beetle leaps!
You see here 21 gold pieces.
You see here a war axe.
You see here 8 stones.
You see here a leather armour.
You see here a cyan potion.
H - 2 cyan potions (gained 1)
The boulder beetle leaps!
The boulder beetle curls into a ball and begins rolling!
You see here a bullfrog corpse.
Things that are here:
a +0 dagger; a +0 robe You see here a yak corpse.
There is an open door here.
Things that are here:
a +0 shortbow; 19 arrows; a giant cockroach corpse The boulder beetle hits you!!!
Ouch! That really hurt!
You die...
Your body disappears without a glow.

.#..#####..##.......##.#
.#.##$$$##.#...#.#...#.###
.#.#(B[).#.#.(##.##..#...#
.#.#.[#(.#.°....#....#..##
.#.#..[.(#○#°.##)##..#.##
.#.#○..(##○#.°.#.#...#.#
.#.°#####°.##.○.....##.#
.##.°B.○°.####.B...###.#
.###############@#####.#
.##.. ..##.........#.#
.#..#####..#.#.#.#.#.#.##
.#.##...##.#..#.#.#..#..#
.#.#...[.#.#.#†....#.#..###
.'...[...#.'..#...#..#)...#
.#.#.....#.#.#.....#.#..###
.#.##...##.#..#.#.#..#..#
.#..#####..#.#.#.#.#.#..#


You could see a boulder beetle.

Vanquished Creatures
  Pikel (D:7)
  Sigmund (D:4)
  A yak (D:8)
  A steam dragon (D:8)
  3 ice beasts
  A black bear (D:6)
  2 sky beasts
  6 ogres
  3 centaurs
  2 big kobolds
  3 bullfrogs
  2 water moccasin skeletons
  A quasit (D:7)
  3 orc priests
  2 jellies
  2 hounds (D:8)
  8 orc wizards
  3 iguanas
  4 worker ants
  2 killer bee zombies
  A worker ant zombie (D:8)
  3 gnolls (D:6)
  10 adders
  A shadow imp (D:8)
  A white imp (D:8)
  An ooze (D:3)
  2 adder skeletons
  2 dart slugs
  6 leopard geckos
  21 orcs
  2 ball pythons (D:6)
  5 bats
  8 giant cockroaches
  9 goblins
  14 hobgoblins
  17 jackals
  12 kobolds
  2 quokkas
  4 frilled lizards
  A leopard gecko zombie (D:8)
  A quokka skeleton (D:6)
  5 rats
179 creatures vanquished.

Notes
Turn   | Place    | Note
-------+----------+-------------------------------------------
     0 | D:1      | Almogavar the Spriggan Conjurer began the quest for the
                  | Orb.
     0 | D:1      | Reached XP level 1. HP: 9/9 MP: 5/5
   242 | D:1      | Reached XP level 2. HP: 13/13 MP: 3/6
   245 | D:1      | Learned a level 2 spell: Searing Ray
  1350 | D:2      | Reached XP level 3. HP: 16/16 MP: 4/8
  2195 | D:3      | Reached XP level 4. HP: 21/21 MP: 3/9
  2350 | D:3      | Found an ancient bone altar of Kikubaaqudgha.
  2709 | D:3      | Noticed a big kobold
  3198 | D:3      | Killed a big kobold
  3199 | D:3      | Reached XP level 5. HP: 24/24 MP: 3/12
  3884 | D:3      | Found an ornate altar of the Wu Jian Council.
  4410 | D:4      | Noticed Sigmund
  4421 | D:4      | Killed Sigmund
  4422 | D:4      | Reached skill level 1 in Short Blades
  4422 | D:4      | Reached skill level 5 in Spellcasting
  4422 | D:4      | Reached XP level 6. HP: 25/28 MP: 4/14
  4499 | D:4      | Learned a level 4 spell: Iskenderun's Mystic Blast
  4694 | D:4      | Noticed an ice beast
  5046 | D:4      | Reached XP level 7. HP: 32/32 MP: 11/16
  5195 | D:4      | Reached skill level 5 in Stealth
  5767 | D:5      | Entered Level 5 of the Dungeon
  6179 | D:5      | Reached skill level 1 in Translocations
  6377 | D:5      | Identified the +11 dire flail "Spriggan's Curse" {vamp,
                  | rElec}
  6378 | D:5      | Noticed ymhsbmbesitwf's ghost (novice BaBe)
  6379 | D:5      | Found a transporter.
  6384 | D:5      | Found a transporter.
  6422 | D:6      | Reached skill level 5 in Conjurations
  6624 | D:6      | Found a staircase to the Ecumenical Temple.
  6780 | D:6      | Reached XP level 8. HP: 36/36 MP: 11/18
  7219 | D:6      | Found a sacrificial altar of Ru.
  7801 | D:7      | Noticed Pikel
  7811 | D:7      | Killed Pikel
  8208 | D:7      | Found a hazy altar of Hepliaklqana.
  8241 | D:7      | Reached skill level 5 in Translocations
  8376 | D:7      | Reached XP level 9. HP: 32/40 MP: 12/21
  8454 | D:7      | Reached skill level 1 in Fighting
  8913 | D:8      | Noticed Gastronok
 10190 | Temple   | Entered the Ecumenical Temple
 10195 | Temple   | Became a worshipper of Nemelex Xobeh the Trickster
 10593 | D:8      | Found a burning altar of Makhleb.
 10900 | D:8      | Noticed a boulder beetle
 11005 | D:8      | Got a masterwork dagger
 11031 | D:8      | Annihilated by a boulder beetle

Illustrated notes

Levels and vault maps discovered:
D:1:      eino_arrival_water_cross, layout_basic, serial_corexii_hall,
          chequers_hall_statues_corner_a, corexii_hall_statues_i,
          hangedman_decor_clover_reticule, roderic_serpentine_path,
          amcnicky_mini_pool_small
D:2:      layout_basic, nrook_campfire, chequers_decorated_corner
D:3:      layout_basic, general_overflow_altar, nicolae_overflow_hidden_temple,
          grunt_ministairs_6
D:4:      layout_basic, grunt_tough_drop, uniq_sigmund
D:5:      layout_loops_ring, gammafunk_ghost_smash, minmay_misc_feat_roman
D:6:      layout_basic, nicolae_ru_great_annihilating_truth,
          minmay_temple_entry_steel_oval
D:7:      layout_loops_ring, lemuel_crystal_altar, solitary_fountain, uniq_pikel
D:8:      layout_layer_cave, overflow_temple_1_default, minmay_the_grid_2x2
          [minmay_the_grid_dragon_b, minmay_the_grid_gridbox,
          minmay_the_grid_plusring, minmay_the_grid_prize_inner_circle],
          uniq_gastronok
Temple:   cyrus_circular_temple

Skill      XL: |  1  2  3  4  5  6  7  8  9 |
---------------+----------------------------+-----
Conjurations   | 3 4 5 6 |  6.4
Spellcasting   | 3 4 5 6 7 9 |  9.2
Short Blades   | 1 2 3 |  3.3
Stealth        | 4 7 8 9 |  9.9
Dodging        | 4 |  4.9
Translocations | 2 5 7 |  7.2
Fighting       | 2 |  2.0

Action                   |  1- 3 |  4- 6 |  7- 9 || total
-------------------------+-------+-------+-------++-------
Melee: Short sword       |       |     9 |     4 ||    13
       Dagger            |       |       |    20 ||    20
 Cast: Magic Dart        |    64 |    32 |    60 ||   156
       Searing Ray       |     7 |    24 |    74 ||   105
       Iskenderun's Myst |       |       |     7 ||     7
  Use: Scroll            |     4 |     1 |     4 ||     9
 Stab: Sleeping          |       |     4 |    17 ||    21
Armor: Robe              |       |     2 |     2 ||     4
       Steam dragon scal |       |       |     1 ||     1
Dodge: Dodged            |     3 |    19 |    55 ||    77
